 Dungeon Crawl Stone Soup version 0.23-a0-404-g0063841 (webtiles) character file.

413 ozpin88 the Sneak (level 6, -3/32 HPs)
             Began as a Vine Stalker Assassin on Nov 5, 2018.
             Slain by an iguana (4 damage)
             ... on level 4 of the Dungeon.
             The game lasted 00:08:46 (3249 turns).

ozpin88 the Sneak (Vine Stalker Assassin)           Turns: 3249, Time: 00:08:46

Health: -3/32      AC:  7    Str: 13    XL:     6   Next: 91%
Magic:  0/7        EV: 13    Int: 14    God:
Gold:   99         SH:  0    Dex: 18    Spells: 5/5 levels left

rFire    . . .     SeeInvis .   a - +2 dagger
rCold    . . .     Gourm    .   (no shield)
rNeg     . . .     Faith    .   k - +1 ring mail of the Locust {rCorr Int+3} (curse)
rPois    .         Spirit   +   (no helmet)
rElec    .         Reflect  .   d - +0 cloak
rCorr    +         Harm     .   (no gloves)
MR       .....                  (no boots)
Stlth    +++.......             q - amulet of inaccuracy (curse)
HPRegen  0.50/turn              l - +2 ring of evasion
MPRegen  0.10/turn              (no ring)

@: no status effects
A: fangs 2, regeneration 1, magic shield, antimagic bite, no potion heal 3, rot
immunity
a: no special abilities


You were on level 4 of the Dungeon.
You were not hungry.

You visited 1 branch of the dungeon, and saw 4 of its levels.

You collected 99 gold pieces.

Inventory:

Hand Weapons
 a - a +2 dagger (weapon)
 b - a +0 blowgun
Missiles
 e - 22 poisoned needles
 f - 2 curare-tipped needles
Armour
 c - a +0 robe
 d - a +0 cloak (worn)
 h - a +0 scale mail
 k - the cursed +1 ring mail of the Locust (worn) {rCorr Int+3}
   (You found it on level 4 of the Dungeon)

   It affects your intelligence (+3).
   It provides partial protection from all sources of acid and corrosion.
   It has a curse placed upon it.
Jewellery
 l - a +2 ring of evasion (left hand)
 n - an uncursed amulet of faith
 q - a cursed amulet of inaccuracy (around neck)
Scrolls
 j - 3 scrolls of identify
 s - a scroll of teleportation
Potions
 i - a potion of flight {unknown}
 m - a potion of invisibility
 o - a potion of mutation {unknown}
 p - a potion of lignification {unknown}
 r - a potion of degeneration {unknown}
Comestibles
 g - 6 rations
 t - 2 chunks of flesh


   Skills:
 + Level 2.8 Fighting
 + Level 4.1 Short Blades
 + Level 2.0 Throwing
 + Level 2.4 Armour
 + Level 2.2 Dodging
 + Level 5.4 Stealth


You had 5 spell levels left.
You didn't know any spells.
Your spell library was empty.

Dungeon Overview and Level Annotations

Branches:
Dungeon (4/15)
 Temple: D:4-7

Altars:


Innate Abilities, Weirdness & Mutations

You have extremely sharp teeth.
Your natural rate of healing is unusually fast.
When hurt, damage is shared between your health and your magic reserves.
Your bite disrupts and absorbs the magic of your enemies.
Potions cannot restore your health.
You are immune to rotting.


Message History

The orc wizard casts a spell at you. The puff of frost hits you!
* * * LOW HITPOINT WARNING * * *
The orc wizard hits you but does no damage.
The iguana closely misses you.
You barely miss the iguana. You bite the iguana. You drain its power.
You feel invigorated.
The iguana is lightly wounded.
The orc wizard hits you but does no damage.
You closely miss the iguana. You bite the iguana. You drain its power.
You feel invigorated.
The iguana is moderately wounded.
The iguana bites you!
* * * LOW HITPOINT WARNING * * *
The orc wizard hits you but does no damage.
You hit the iguana.
The iguana is moderately wounded.
The orc wizard hits you but does no damage.
The iguana bites you.
You die...

#.........# ####
#.........#
....##
#.........#
#...##........##
# #..#.#.....##
#.
##......#.......
#o........###.##
###o#.#...###
#@ool)....#
#.l##.#....#
....##..#.####
...... #.##o#
....... .. o.
.........# .#
.###..... ..
...... ..


You could see an iguana, an orc wizard, 2 orcs and a frilled lizard.

Vanquished Creatures
  An ogre (D:4)
  3 orc wizards (D:4)
  3 orc priests (D:4)
  6 adders
  2 worms (D:3)
  3 dart slugs (D:1)
  2 leopard geckos
  12 orcs
  3 giant cockroaches
  11 goblins
  4 hobgoblins
  19 jackals
  A quokka (D:3)
  6 bats
  2 frilled lizards
  7 kobolds
  4 rats
89 creatures vanquished.

Notes
Turn   | Place    | Note
-------+----------+-------------------------------------------
     0 | D:1      | ozpin88 the Vine Stalker Assassin began the quest for the
                  | Orb.
     0 | D:1      | Reached XP level 1. HP: 11/11 MP: 2/2
    25 | D:1      | Reached skill level 5 in Stealth
   220 | D:1      | Reached XP level 2. HP: 15/15 MP: 3/3
   314 | D:1      | Reached skill level 1 in Dodging
   418 | D:1      | Reached XP level 3. HP: 7/18 MP: 4/4
  1821 | D:2      | Gained mutation: Your natural rate of healing is unusually
                  | fast. [Vine Stalker growth]
  1821 | D:2      | Reached XP level 4. HP: 23/23 MP: 5/5
  2301 | D:3      | Reached XP level 5. HP: 6/27 MP: 2/6
  2824 | D:4      | Noticed an ogre
  2848 | D:4      | Reached skill level 1 in Armour
  2852 | D:4      | Killed an ogre
  2852 | D:4      | Reached XP level 6. HP: 31/32 MP: 7/7
  3075 | D:4      | Got a faintly humming ring mail
  3086 | D:4      | Identified the cursed +1 ring mail of the Locust {rCorr
                  | Int+3} (You found it on level 4 of the Dungeon)
  3248 | D:4      | HP: 1/32 [iguana (4)]
  3249 | D:4      | Slain by an iguana

Vault maps used:
D:1:      dpeg_arrival_rhombus, serial_forest, infiniplex_forest_pool,
          infiniplex_forest_zigzag_2, infiniplex_forest_straight_1,
          infiniplex_forest_lined_room_3, infiniplex_forest_lined_room_,
          infiniplex_forest_clump_cross, infiniplex_forest_straight_3,
          corexii_corridor_pit, minmay_pentomino_p2
D:3:      kennysheep_the_goblin_king, serial_glass, glass_columns_b,
          glass_columns_a, glass_columns_b, glass_columns_b
D:4:      overflow_temple_1_default, first_ration

Skill      XL: |  1  2  3  4  5  6 |
---------------+-------------------+-----
Stealth        | 5 |  5.4
Fighting       | 2 |  2.8
Dodging        | 1 2 |  2.2
Short Blades   | 2 3 4 |  4.1
Throwing       | 2 |  2.0
Armour         | 1 2 |  2.4

Action                   |  1- 3 |  4- 6 || total
-------------------------+-------+-------++-------
Melee: Dagger            |   132 |   250 ||   382
       Bite              |    34 |    65 ||    99
  Use: Scroll            |     4 |       ||     4
       Potion            |       |     1 ||     1
 Stab: Sleeping          |     3 |       ||     3
  Eat: Chunk             |     2 |     6 ||     8
Armor: Robe              |    27 |       ||    27
       Scale mail        |    31 |    87 ||   118
       Ring mail         |       |    35 ||    35
Dodge: Dodged            |   133 |   174 ||   307

Table legend:
 A = Non-vault XP
 B = Vault XP
 C = Vault XP percentage of total XP
 D = Non-vault monster count
 E = Vault monster count
 F = Vault count percentage of total count
                 A         B        C        D         E       F
            +---------+---------+-------+---------+---------+-------
      Total |     577 |      14 |   2.4 |      81 |       8 |   9.0
            +---------+---------+-------+---------+---------+-------
        D:1 |      52 |       2 |   3.7 |      27 |       1 |   3.6
        D:2 |      68 |       0 |   0.0 |      18 |       0 |   0.0
        D:3 |      61 |      12 |  16.4 |      17 |       7 |  29.2
        D:4 |     396 |       0 |   0.0 |      19 |       0 |   0.0
            +---------+---------+-------+---------+---------+-------
